 Dungeon Crawl Stone Soup version 0.25-a0-161-gb7fd73da8f (webtiles) character file.

Game seed: 2446193590291380674, levelgen mode: deterministic

62286 vurker the Corrupter of Planes (level 15, -9/124 HPs)
             Began as a Formicid Abyssal Knight on Nov 21, 2019.
             Was the Champion of Lugonu.
             Mangled by a white ugly thing (35 damage)
             ... on level 14 of the Dungeon.
             The game lasted 01:03:53 (30427 turns).

vurker the Corrupter of Planes (FoAK)              Turns: 30427, Time: 01:03:54

Health: -9/124     AC: 15    Str: 24    XL:     15   Next: 45%
Magic:  23/27      EV:  9    Int: 11    God:    Lugonu [******]
Gold:   1255       SH: 12    Dex: 14    Spells: 14/14 levels left

rFire    . . .     SeeInvis +   a - +2 dire flail (crush)
rCold    . . .     Gourm    .   q - +0 shield
rNeg     + . .     Faith    .   D - +2 plate armour {MR+}
rPois    .         Spirit   .   (helmet unavailable)
rElec    .         Reflect  .   k - +0 cloak
rCorr    .         Harm     .   (no gloves)
MR       +++..                  (no boots)
Stlth    ..........             (no amulet)
HPRegen  0.30/turn              i - ring of the Hells {+Fly rN+ MR+ Dex+4 Stlth+}
MPRegen  0.20/turn              p - +6 ring of slaying

@: no status effects
A: permanent stasis, dig shafts and tunnels, four strong arms, antennae 3
a: Dig, Shaft Self, Depart the Abyss, Bend Space, Banish, Corrupt, Enter the
Abyss, Brand Weapon With Distortion, Renounce Religion, Evoke Flight


You were on level 14 of the Dungeon.
You worshipped Lugonu.
Lugonu was exalted by your worship.
You were very hungry.

You visited 3 branches of the dungeon, and saw 21 of its levels.
You visited the Abyss 1 time.

You collected 2333 gold pieces.
You spent 1078 gold pieces at shops.

Inventory:

Hand Weapons
 a - a +2 dire flail of crushing (weapon)
   (You acquired it on level 7 of the Dungeon)
 b - a +1 hunting sling
   (You found it on level 2 of the Dungeon)
 v - the +9 glaive of Lurag {venom, rPois Str+3 Int+2}
   (You found it on level 7 of the Dungeon)

   It poisons the flesh of those it strikes.
   It affects your strength (+3).
   It affects your intelligence (+2).
   It protects you from poison.
 G - a +1 whip of venom
   (You took it off a gnoll on level 5 of the Dungeon)
Missiles
 f - 176 sling bullets
 Q - a throwing net (quivered)
Armour
 k - a +0 cloak (worn)
   (You took it off Maurice on level 8 of the Dungeon)
 q - a +0 shield (worn)
   (You bought it in a shop on level 8 of the Dungeon)
 D - a +2 plate armour of magic resistance (worn)
   (You took it off an orc warrior on level 7 of the Dungeon)
 P - a +1 plate armour of poison resistance
   (You took it off an orc warlord on level 1 of the Orcish Mines)
Jewellery
 i - the ring of the Hells (left hand) {+Fly rN+ MR+ Dex+4 Stlth+}
   (You found it on level 7 of the Dungeon)

   [ring of stealth]

   It affects your dexterity (+4).
   It protects you from negative energy.
   It affects your resistance to hostile enchantments.
   It lets you fly.
   It makes you more stealthy.
 m - an uncursed ring of magical power
   (You found it on level 2 of the Dungeon)
 p - a +6 ring of slaying (right hand)
   (You found it on level 2 of the Dungeon)
 z - an uncursed ring of protection from magic
   (You found it on level 7 of the Dungeon)
 A - an uncursed ring of positive energy
   (You found it on level 7 of the Dungeon)
Wands
 c - a wand of disintegration (17)
   (You took it off an orc on level 9 of the Dungeon)
 d - a wand of iceblast (1)
   (You found it on level 5 of the Lair of Beasts)
 t - a wand of flame (43)
   (You found it on level 3 of the Dungeon)
 u - a wand of paralysis (6)
   (You found it on level 10 of the Dungeon)
 x - a wand of acid (19)
   (You found it on level 2 of the Dungeon)
 H - a wand of polymorph (20)
   (You took it off Grinder on level 6 of the Dungeon)
 S - a wand of clouds (5)
   (You took it off an orc priest on level 12 of the Dungeon)
Scrolls
 h - 13 scrolls of remove curse
 j - 4 scrolls of fear
 n - 8 scrolls of enchant weapon
 r - 2 scrolls of enchant armour
 y - 2 scrolls of immolation
 F - 5 scrolls of identify
 I - 3 scrolls of magic mapping
 J - a scroll of brand weapon
 O - a scroll of vulnerability
 R - a scroll of fog
Potions
 g - 5 potions of curing
 l - 3 potions of brilliance
 o - 3 potions of magic
 s - 7 potions of flight
 w - a potion of heal wounds
 B - 6 potions of might
 C - 3 potions of lignification
 K - a potion of resistance
 M - 3 potions of agility
Miscellaneous
 E - a phantom mirror
 L - a lamp of fire (inert)
   (You found it on level 6 of the Lair of Beasts)
Comestibles
 e - 34 rations


   Skills:
 * Level 13.2 Fighting
 - Level 14.0 Maces & Flails
 + Level 5.5 Armour
 + Level 4.3 Dodging
 + Level 10.5 Shields
 * Level 16.9 Invocations


You had 14 spell levels left.
You didn't know any spells.
Your spell library contained the following spells:

 Spells                   Type           Power        Failure   Level  Hunger
 Animate Skeleton         Necr           N/A          99%         1    ##.....
 Apportation              Tloc           #.....       99%         1    ##.....
 Beastly Appendage        Tmut           #.....       99%         1    ##.....
 Confusing Touch          Hex            #.....       99%         1    ##.....
 Corona                   Hex            #......      99%         1    ##.....
 Freeze                   Ice            #...         99%         1    ##.....
 Pain                     Necr           #...         99%         1    ##.....
 Summon Small Mammal      Summ           #...         99%         1    ##.....
 Ensorcelled Hibernation  Hex/Ice        #.....       100%        2    ###....
 Confuse                  Hex            #.......     100%        3    ####...
 Dazzling Spray           Conj/Hex       #.....       100%        3    ####...
 Regeneration             Chrm/Necr      #.........   100%        3    ####...
 Spider Form              Tmut/Pois      #.........   100%        3    ####...
 Tukima's Dance           Hex            #.......     100%        3    ####...
 Vampiric Draining        Necr           #.........   100%        3    ####...
 Animate Dead             Necr           N/A          100%        4    #####..
 Petrify                  Tmut/Erth      #.......     100%        4    #####..
 Alistair's Intoxication  Tmut/Pois      #.......     100%        5    ######.
 Freezing Cloud           Conj/Ice/Air   #.........   100%        6    #######


Dungeon Overview and Level Annotations

Branches:
Dungeon (12/15)            Temple (0/1) D:7            Lair (6/6) D:11
 Shoals (0/4) Lair:3       Spider (0/4) Lair:4        Slime (0/5) Lair:5
    Orc (2/2) D:9             Elf (0/3) Orc:2        Vaults (0/5) D:14

Altars:
Ashenzari
Cheibriados
Dithmenos
Fedhas
Hepliaklqana
Makhleb
Nemelex Xobeh
Qazlal
Sif Muna
Wu Jian
Yredelemnul
The Shining One
Beogh

Shops:
D:7 ?   D:8 [   D:12 =   Orc:1 ?   Orc:2 %([}

Annotations:
D:7 2 runed translucent doors
D:14 Jorgrun
Lair:2 3 runed translucent doors, Suelorphy's ghost, journeyman NaGl
Lair:5 1 runed translucent door, Ezab's ghost, journeyman MiFi
Lair:6 2 runed translucent doors, Lycwej's ghost, journeyman NaWn
Abyss:1 Fannar; Nessos


Innate Abilities, Weirdness & Mutations

You cannot be hasted, slowed, berserked, paralysed or teleported.
You can dig through walls and to a lower floor.
Your four strong arms can wield two-handed weapons with a shield.
You have a pair of large antennae on your head. (SInv)


Message History

You hear a bellow!
The manticore bites you but does no damage.
You block the manticore's attack. x2
You hear a grinding noise.
Aim: a manticore (chance to defeat MR: 79%)
The manticore is devoured by a tear in reality.
Lugonu claims a new guest.
You are feeling very hungry.
The white ugly thing punches you but does no damage.
A yak comes into view.
You retract your mandibles.
The white ugly thing punches you!
* * * LOW HITPOINT WARNING * * *
The white ugly thing freezes you!!
* * * LOW HITPOINT WARNING * * *
Space bends around you!
You blink. 2 ugly things come into view.
The white ugly thing gurgles horribly! x2
Jorgrun points next to you and mumbles some strange words.
Some rock shatters into small pieces.
You block the yak's attack.
You sock Jorgrun!
The white ugly thing basks in the mutagenic energy from its kin and changes!
You feel much better. You block Jorgrun's attack.
Jorgrun points next to you and mumbles some strange words.
Some rock shatters into small pieces.
The white ugly thing basks in the mutagenic energy from its kin and changes!
You bludgeon the white ugly thing!!
A vampire mosquito comes into view.
The white ugly thing barely misses you. Jorgrun casts a spell next to you.
Some rock shatters into small pieces.
Your plate armour prevents you from hitting the white ugly thing.
The vampire mosquito buzzes angrily.
A yak comes into view.
The white ugly thing barely misses you.
Your plate armour prevents you from hitting the white ugly thing.
The yak bellows!
Jorgrun gestures next to you while chanting.
Some rock shatters into small pieces.
The yak gores you.
* * * LOW HITPOINT WARNING * * *
You extend your mandibles.
You dig through the rock wall.
You hear an angry buzzing noise.
You block the vampire mosquito's attack.
Jorgrun casts a spell next to the white ugly thing.
You hear a grinding noise.
The vampire mosquito bites you but does no damage.
The white ugly thing tentacle-slaps you!
* * * LOW HITPOINT WARNING * * *
The white ugly thing freezes you!!
You die...

.# ......###..##.##....#
.#..##..## #...#.#...#.##
... ..# #............###
#.#..# ##......)....#...##
....
#..............{..#### {
.. ................{....+
##....####.##....{...##
#.........##.##...g.# ##
#@y# #{ #.#..Y# #....#u#
#. #.#.... ##.#.#.#{
..#...# #..#.gu.# .###...#
# #..#.u##[.###.... #.
#.#YY#u......YY..###
##.###.##.#.##.##{..#....
##.......YY..# ##...##.##
#......{ยง............##.#


You could see Jorgrun, 4 ugly things, 2 yaks and a vampire mosquito.

Vanquished Creatures
  Gastronok (Lair:1)
  An orc warlord (Orc:1)
  Erolcha (Orc:1)
  2 hydras
  A catoblepas (Lair:4)
  Erica (D:8)
  2 dancing weapons (D:14)
  2 two-headed ogres (D:10)
  5 orc high priests (Orc:2)
  An unseen horror (D:10)
  An orc knight (Orc:1)
  A wolf spider (Lair:6)
  A manticore (D:14)
  Maurice (D:8)
  A merfolk siren (Lair:3)
  A guardian serpent (Lair:6)
  6 black mambas
  15 spiny frogs
  2 gargoyles (D:10)
  8 rime drakes
  7 komodo dragons
  A polar bear (Lair:4)
  A queen bee (D:11)
  7 trolls
  8 blink frogs
  3 hornets (Lair:6)
  Grinder (D:6)
  7 hippogriffs
  13 dream sheep
  4 redbacks
  2 wraiths
  A shadow (D:10)
  42 yaks
  2 basilisks
  6 wyverns
  2 hungry ghosts
  7 wargs
  An acid dragon (D:14)
  18 water moccasins
  22 orc warriors
  11 porcupines
  7 black bears
  5 ice beasts
  5 sky beasts
  4 necrophages (D:11)
  10 wolves
  3 centaurs
  9 ogres
  2 phantoms
  11 crocodiles
  A big kobold (D:9)
  5 bullfrogs
  A water moccasin skeleton (D:7)
  3 scorpions
  17 killer bees
  9 wights (D:11)
  2 electric eels
  2 howler monkeys
  A centaur zombie (D:10)
  8 crimson imps
  4 bullfrog zombies
  A quasit (D:5)
  10 hounds
  3 centaur skeletons
  A gnoll shaman (Orc:2)
  5 jellies
  41 orc priests
  2 bullfrog skeletons
  3 iguanas
  14 worker ants
  24 orc wizards
  A hound zombie (D:11)
  A howler monkey zombie (D:5)
  13 gnolls
  A worker ant zombie (D:10)
  16 adders
  3 shadow imps
  8 oozes
  2 adder zombies
  An adder skeleton (D:6)
  2 worms
  3 dart slugs
  6 leopard geckos
  91 orcs
  5 giant cockroaches
  7 hobgoblins
  22 jackals
  4 quokkas
  6 ball pythons (D:1)
  6 bats
  11 frilled lizards
  2 gnoll zombies (D:8)
  9 goblins
  9 kobolds
  2 quokka skeletons (D:7)
  A quokka zombie (D:9)
  5 rats
  A plant (Lair:6)
671 creatures vanquished.

Vanquished Creatures (others)
  2 hydras
  A two-headed ogre (D:7)
  An orc high priest (Orc:2)
  An ugly thing (D:11)
  A manticore (D:14)
  A spiny frog (Lair:6)
  2 wyverns (Lair:6)
  An acid dragon (D:14)
  A porcupine (Lair:2)
  A water moccasin (D:5)
  2 orc warriors
  An orc (D:12)
  15 fungi
  33 plants
63 creatures vanquished.

Grand Total: 734 creatures vanquished

Notes
Turn   | Place    | Note
-------+----------+-------------------------------------------
     0 | Abyss:1  | vurker the Formicid Abyssal Knight began the quest for the
                  | Orb.
     0 | Abyss:1  | Reached XP level 1. HP: 18/18 MP: 2/2
    37 | D:1      | Escaped the Abyss
   310 | D:1      | Reached XP level 2. HP: 21/24 MP: 3/3
   833 | D:1      | Reached ** piety under Lugonu
   837 | D:1      | Reached XP level 3. HP: 27/29 MP: 4/4
  1282 | D:2      | Found a stormy altar of Qazlal.
  1647 | D:2      | Reached XP level 4. HP: 36/37 MP: 6/6
  1664 | D:2      | Found a sparkling altar of Nemelex Xobeh.
  1668 | D:2      | Reached skill level 3 in Invocations
  2218 | D:3      | Reached XP level 5. HP: 41/42 MP: 7/7
  2267 | D:3      | Reached *** piety under Lugonu
  2481 | D:3      | Found a shimmering blue altar of Sif Muna.
  2903 | D:3      | Found an ornate altar of the Wu Jian Council.
  3218 | D:4      | Reached XP level 6. HP: 49/49 MP: 8/8
  3350 | D:4      | Found a hazy altar of Hepliaklqana.
  3784 | D:4      | Noticed an orc warrior
  3787 | D:4      | Banished an orc warrior
  3787 | D:4      | Reached skill level 4 in Invocations
  3879 | D:5      | Entered Level 5 of the Dungeon
  3946 | D:5      | Reached skill level 5 in Maces & Flails
  3946 | D:5      | Reached XP level 7. HP: 53/55 MP: 10/10
  4011 | D:5      | Reached skill level 5 in Fighting
  4030 | D:5      | Reached skill level 5 in Invocations
  4119 | D:5      | Noticed a water moccasin
  4125 | D:5      | Banished a water moccasin
  4321 | D:5      | Reached XP level 8. HP: 63/63 MP: 12/12
  4332 | D:5      | Reached **** piety under Lugonu
  4343 | D:5      | Got a crude halberd
  4344 | D:5      | Identified the +6 halberd of Disembowelment {flame, Int+4}
                  | (You found it on level 5 of the Dungeon)
  4380 | D:5      | Reached skill level 6 in Invocations
  4888 | D:6      | Reached skill level 7 in Invocations
  4965 | D:6      | Found a snail-covered altar of Cheibriados.
  5220 | D:6      | Found a blossoming altar of Fedhas.
  5227 | D:6      | Noticed a wyvern
  5234 | D:6      | Killed a wyvern
  5234 | D:6      | Reached XP level 9. HP: 69/69 MP: 14/14
  5305 | D:6      | Noticed Grinder
  5312 | D:6      | Reached skill level 8 in Invocations
  5409 | D:6      | Killed Grinder
  5945 | D:7      | Reached skill level 9 in Invocations
  6057 | D:7      | Got a jewelled glaive
  6058 | D:7      | Identified the +9 glaive of Lurag {venom, rPois Str+3
                  | Int+2} (You found it on level 7 of the Dungeon)
  6115 | D:7      | Found Roasagg's Magic Scroll Boutique.
  6567 | D:7      | Reached XP level 10. HP: 70/79 MP: 17/17
  6682 | D:7      | Found a runed translucent door.
  6682 | D:7      | Found a runed translucent door.
  6860 | D:7      | Reached skill level 10 in Invocations
  6876 | D:7      | Noticed a five-headed hydra
  6879 | D:7      | Banished a five-headed hydra
  6986 | D:7      | Identified Warghuci's Handbook of Congealing Transmigration
  7000 | D:7      | Got an ancient iron ring
  7001 | D:7      | Identified the ring of the Hells {+Fly rN+ MR+ Dex+4
                  | Stlth+} (You found it on level 7 of the Dungeon)
  7174 | D:7      | Found a staircase to the Ecumenical Temple.
  7331 | D:7      | Found a glowing golden altar of the Shining One.
  7447 | D:7      | Noticed a two-headed ogre
  7451 | D:7      | Banished a two-headed ogre
  7901 | D:8      | Reached skill level 11 in Invocations
  8206 | D:8      | Reached skill level 10 in Maces & Flails
  8342 | D:8      | Found Gihoast's Antique Armour Emporium.
  8354 | D:8      | Bought a shield for 108 gold pieces
  8446 | D:8      | Found a basalt altar of Yredelemnul.
  8485 | D:8      | Found a shattered altar of Ashenzari.
  8568 | D:8      | Noticed Erica
  8591 | D:8      | Killed Erica
  8591 | D:8      | Reached skill level 1 in Shields
  8591 | D:8      | Reached XP level 11. HP: 25/87 MP: 17/19
  8918 | D:8      | Found a burning altar of Makhleb.
  8918 | D:8      | Noticed a green death
  9087 | D:8      | Noticed Maurice
  9102 | D:8      | Killed Maurice
  9536 | D:9      | Reached ***** piety under Lugonu
  9783 | D:9      | Reached skill level 12 in Invocations
 10324 | D:9      | Found a staircase to the Orcish Mines.
 10894 | D:10     | Entered Level 10 of the Dungeon
 10937 | D:10     | Noticed an unseen horror
 10955 | D:10     | Killed an unseen horror
 11377 | D:10     | Noticed a two-headed ogre
 11395 | D:10     | Killed a two-headed ogre
 11444 | D:10     | Noticed Fannar
 11491 | D:10     | Banished Fannar
 11722 | D:10     | Reached XP level 12. HP: 55/96 MP: 21/21
 11773 | D:10     | Noticed a two-headed ogre
 11781 | D:10     | Killed a two-headed ogre
 11781 | D:10     | Reached skill level 13 in Invocations
 11992 | D:10     | Reached skill level 5 in Shields
 13317 | D:11     | Noticed an eight-headed hydra
 13380 | D:11     | Banished an eight-headed hydra
 13512 | D:11     | Reached skill level 10 in Fighting
 13674 | D:11     | Found a staircase to the Lair.
 14573 | Lair:1   | Entered Level 1 of the Lair of Beasts
 14584 | Lair:1   | Noticed Gastronok
 14706 | Lair:1   | Killed Gastronok
 14706 | Lair:1   | Reached skill level 14 in Invocations
 14791 | Lair:1   | Reached XP level 13. HP: 59/104 MP: 23/23
 15656 | Lair:1   | Noticed a four-headed hydra
 15671 | Lair:1   | Killed a four-headed hydra
 17789 | Lair:2   | Found a runed translucent gate.
 17789 | Lair:2   | Found a runed translucent gate.
 17789 | Lair:2   | Found a runed translucent gate.
 17789 | Lair:2   | Noticed Suelorphy's ghost (journeyman NaGl)
 17789 | Lair:2   | Noticed a minotaur
 18913 | D:7      | Bought a scroll of acquirement for 728 gold pieces
 19104 | Lair:2   | Reached skill level 15 in Invocations
 19935 | Lair:3   | Noticed a five-headed hydra
 19948 | Lair:3   | Killed a five-headed hydra
 20065 | Lair:3   | Found a staircase to the Shoals.
 20473 | Lair:4   | Noticed a catoblepas
 20688 | Lair:4   | Killed a catoblepas
 21148 | Lair:4   | Noticed Nessos
 21149 | Lair:4   | Banished Nessos
 21149 | Lair:4   | Reached XP level 14. HP: 113/113 MP: 25/25
 21290 | Lair:4   | Found a hole to the Spider Nest.
 21585 | Lair:4   | Reached skill level 1 in Dodging
 22490 | Lair:5   | Found a runed translucent door.
 22491 | Lair:5   | Noticed Ezab's ghost (journeyman MiFi)
 22492 | Lair:5   | Identified the +10 spear of Sharkskin {vamp, rPois rF+ rC+
                  | Str+4}
 22726 | Lair:5   | Found a staircase to the Slime Pits.
 22884 | Lair:6   | Entered Level 6 of the Lair of Beasts
 22998 | Lair:6   | Found a large runed translucent door.
 22998 | Lair:6   | Found a large runed translucent door.
 23005 | Lair:6   | Noticed Lycwej's ghost (journeyman NaWn)
 23217 | Lair:6   | Found a shadowy altar of Dithmenos.
 24686 | Lair:6   | Got a crystal rapier
 24687 | Lair:6   | Identified the +4 rapier "Lunoisa" {freeze, +Fly Int+6}
                  | (You found it on level 6 of the Lair of Beasts)
 24697 | Lair:6   | Reached skill level 16 in Invocations
 25826 | Orc:1    | Entered Level 1 of the Orcish Mines
 25928 | Orc:2    | Entered Level 2 of the Orcish Mines
 25928 | Orc:2    | Noticed an orc warlord
 25962 | Orc:1    | Found Papodigg's Magic Scroll Emporium.
 25991 | Orc:1    | Reached ****** piety under Lugonu
 26059 | Orc:1    | Bought a scroll of vulnerability for 82 gold pieces
 26172 | Orc:1    | Noticed Erolcha
 26434 | Orc:1    | Killed Erolcha
 27230 | Orc:1    | Killed an orc warlord
 27392 | Orc:1    | Reached XP level 15. HP: 103/122 MP: 27/27
 27397 | Orc:1    | Reached skill level 10 in Shields
 27565 | Orc:2    | Found a staircase to the Elven Halls.
 27940 | Orc:2    | Found Archetu's Gadget Shoppe.
 27940 | Orc:2    | Found Tualemmu's Antique Armour Shop.
 28026 | Orc:2    | Noticed a stone giant
 28028 | Orc:2    | Banished a stone giant
 28443 | Orc:2    | Reached skill level 5 in Armour
 28764 | Orc:2    | Found Jaojif's Food Shop.
 28764 | Orc:2    | Found Notenu's Weapon Shoppe.
 28787 | Orc:2    | Found a roughly hewn altar of Beogh.
 29167 | Orc:2    | Bought a glowing scarf for 160 gold pieces
 29864 | D:12     | Found Umijamn's Jewellery Shoppe.
 30140 | D:12     | You fall into a shaft and drop 2 floors!
 30141 | D:14     | Found a gate to the Vaults.
 30337 | D:14     | Noticed Jorgrun
 30427 | D:14     | Mangled by a white ugly thing

Levels and vault maps discovered:
D:1:      dpeg_arrival_triangle_fractal, layout_basic, minmay_shallow_snake_nest
D:2:      layout_loops_ring, overflow_temple_1_default,
          nicolae_qazlal_eye_of_the_storm, minmay_lizard_king
D:3:      layout_loops_ring, lemuel_coloured_pillars_altar, led_sif_pool,
          first_ration, minmay_unequal
D:4:      layout_basic, marbit_many_paths, minmay_circle_x
D:5:      layout_rooms
D:6:      minmay_recursive_quarters, layout_basic, fedhas_altar_3, slow_altar_1,
          sigmund_army, uniq_grinder
D:7:      minmay_the_grid_four_pointed_star
          [minmay_the_grid_triangle_9x9_impossible_snake,
          minmay_the_grid_triangle_9x9_skeleton,
          minmay_the_grid_triangle_9x9_sparse_checkered,
          minmay_the_grid_triangle_9x9_tough_junction,
          minmay_the_grid_prize_trominoes], layout_basic,
          minmay_temple_entry_statues_pillars, serial_shops,
          kennysheep_mini_moat, minivault_1, minivault_14,
          nicolae_tso_swordbearing_angel
D:8:      layout_loops_ring, ashenzari_conservatory_becter,
          lemuel_zombie_altar_yredelemnul, serial_shops,
          nicolae_shop_overgrown_old_shop, hangedman_little_slice_of_home,
          makhleb_altar_promises_db, uniq_maurice, uniq_erica
D:9:      layout_irregular_city, david_orc_3
D:10:     layout_basic, grunt_decor_fettered, minmay_misc_feat_diagonals,
          uniq_fannar
D:11:     layout_rooms, grunt_lair_entry_orc_guard_hut, serial_undead,
          serial_undead_f, serial_undead_f, serial_undead_e, serial_undead_f,
          nicolae_looking_at_the_future
D:12:     layout_basic, serial_shops, nicolae_shop_crystal
D:14:     layout_loops_corners, erik_vaults_1, nicolae_wwwww,
          kennysheep_small_square, uniq_jorgrun
Lair:1:   layout_regular_city, minivault_19, infiniplex_staircase_pool_2,
          serial_bayou_shore_b, uniq_gastronok
Lair:2:   layout_concentric_octagons, gauntlet_entry_generic,
          maelrawn_ghost_gauntlet_escape, grunt_megastairs_2, lemuel_fruit_tree
Lair:3:   layout_roguey, elwin_shoals_entry_rooms,
          eino_small_chamber_without_monster, hibernation_bobbens
Lair:4:   layout_layer_cave, spider_nest_entry_rubble, grunt_megastairs_1,
          uniq_nessos
Lair:5:   layout_gridlike, dpeg_slime_entry_corner, ebering_ghost_funeral_grove,
          lemuel_fruit_fields
Lair:6:   hangedman_lair_tendril_chambers, layout_cave_pods, basic_altar,
          ebering_ghost_disaster_area
Orc:1:    layout_caves, serial_shops, shop, uniq_erolcha
Orc:2:    st_orc_town, layout_caves, nicolae_orc_damp_corner

Skill      XL: |  1  2  3  4  5  6  7  8  9 10 11 12 13 14 15 |
---------------+----------------------------------------------+-----
Maces & Flails | 3 4 5 7 8 10 11 12 13 14 | 14.0
Invocations    | 3 4 5 7 9 11 12 14 15 16 | 16.9
Fighting       | 4 5 6 7 8 9 10 11 12 13 | 13.2
Shields        | 1 4 6 8 9 10 | 10.5
Dodging        | 3 4 |  4.3
Armour         | 4 5 |  5.5

Action                   |  1- 3 |  4- 6 |  7- 9 | 10-12 | 13-15 || total
-------------------------+-------+-------+-------+-------+-------++-------
Melee: Mace              |   106 |    56 |       |       |       ||   162
       Flail             |       |    23 |    16 |       |       ||    39
       Whip              |       |       |   207 |   723 |   140 ||  1070
       Dire flail        |       |       |       |       |   857 ||   857
 Fire: Hunting sling     |       |    76 |    82 |   144 |    92 ||   394
Invok: Banish            |       |     1 |     2 |    12 |    14 ||    29
       Bend Space        |       |       |       |     5 |     9 ||    14
 Abil: Dig               |       |     1 |     6 |    20 |    37 ||    64
Evoke: Wand              |       |       |     2 |       |    12 ||    14
       Lamp of fire      |       |       |       |       |     1 ||     1
       Phantom mirror    |       |       |       |       |     1 ||     1
  Use: Scroll            |       |     9 |     7 |     7 |     5 ||    28
       Potion            |       |       |       |       |     4 ||     4
 Stab: Distracted        |       |       |       |     1 |       ||     1
  Eat: Chunk             |     2 |     8 |    10 |    23 |    45 ||    88
       Ration            |       |       |       |     3 |     4 ||     7
Armor: Leather armour    |    30 |     2 |       |       |       ||    32
       Plate armour      |       |    76 |   106 |   185 |   187 ||   554
Dodge: Dodged            |    68 |    31 |    63 |    81 |   125 ||   368
Block: Shield            |       |       |       |   184 |   340 ||   524

Table legend:
 A = Non-vault XP
 B = Vault XP
 C = Vault XP percentage of total XP
 D = Non-vault monster count
 E = Vault monster count
 F = Vault count percentage of total count
                 A         B        C        D         E       F
            +---------+---------+-------+---------+---------+-------
      Total |   54685 |   34296 |  38.5 |     495 |     193 |  28.1
            +---------+---------+-------+---------+---------+-------
        D:1 |      43 |       5 |  10.4 |      24 |       4 |  14.3
        D:2 |      47 |       8 |  14.5 |      16 |       6 |  27.3
        D:3 |      93 |      32 |  25.6 |      24 |       4 |  14.3
        D:4 |      71 |     185 |  72.3 |      12 |       5 |  29.4
        D:5 |    1058 |       0 |   0.0 |      34 |       0 |   0.0
        D:6 |     747 |     667 |  47.2 |      20 |      11 |  35.5
        D:7 |     912 |    2313 |  71.7 |      21 |      15 |  41.7
        D:8 |    1154 |    1570 |  57.6 |      22 |      12 |  35.3
        D:9 |    2626 |     358 |  12.0 |      43 |       6 |  12.2
       D:10 |    5725 |     771 |  11.9 |      28 |       1 |   3.4
       D:11 |    3558 |    2206 |  38.3 |      41 |      21 |  33.9
       D:12 |    5063 |       0 |   0.0 |      37 |       0 |   0.0
       D:14 |    1494 |    1808 |  54.8 |       6 |       2 |  25.0
     Lair:1 |    4881 |    2928 |  37.5 |      15 |       3 |  16.7
     Lair:2 |    2849 |     107 |   3.6 |      12 |       1 |   7.7
     Lair:3 |    3966 |     876 |  18.1 |      16 |       3 |  15.8
     Lair:4 |    6337 |    3762 |  37.3 |      26 |      11 |  29.7
     Lair:5 |    2428 |       0 |   0.0 |      10 |       0 |   0.0
     Lair:6 |    4282 |    9237 |  68.3 |      20 |      35 |  63.6
      Orc:1 |    5596 |     989 |  15.0 |      44 |       1 |   2.2
      Orc:2 |    1755 |    6474 |  78.7 |      24 |      52 |  68.4
            +---------+---------+-------+---------+---------+-------
